 Dungeon Crawl Stone Soup version 0.23.2-40-g277498a001 (webtiles) character file.

Game seed: 18044911016982436496

40 Exodus22XD the Magician (level 3, -4/19 HPs)
             Began as a Deep Elf Wizard on Sept 20, 2019.
             Was an Initiate of Vehumet.
             Slain by Sigmund
             ... wielding a +0 scythe
              (11 damage)
             ... on level 2 of the Dungeon.
             The game lasted 00:03:16 (1558 turns).

Exodus22XD the Magician (Deep Elf Wizard)           Turns: 1558, Time: 00:03:17

Health: -4/19      AC:  3    Str:  4    XL:     3   Next: 30%
Magic:  10/10      EV: 13    Int: 23    God:    Vehumet [......]
Gold:   41         SH:  0    Dex: 13    Spells: 9/10 levels left

rFire    . . .     SeeInvis .   c - +3 dagger
rCold    . . .     Gourm    .   (no shield)
rNeg     . . .     Faith    .   a - +0 robe
rPois    .         Spirit   .   b - +0 hat
rElec    .         Reflect  .   (no cloak)
rCorr    .         Harm     .   (no gloves)
MR       .....                  j - +0 pair of boots
Stlth    ++........             (no amulet)
HPRegen  0.06/turn              (no ring)
MPRegen  0.12/turn              (no ring)

@: no status effects
A: no striking features
a: Renounce Religion


You were on level 2 of the Dungeon.
You worshipped Vehumet.
Vehumet was noncommittal.
You were not hungry.

You visited 1 branch of the dungeon, and saw 2 of its levels.

You collected 41 gold pieces.

Inventory:

Hand Weapons
 c - a +3 dagger (weapon)
Armour
 a - a +0 robe (worn)
 b - a +0 hat (worn)
 j - a +0 pair of boots (worn)
Scrolls
 e - 4 scrolls of teleportation {unknown}
 f - a scroll of noise {unknown}
 i - 2 scrolls of identify {unknown}
Potions
 g - 2 potions of curing {unknown}
 h - 2 potions of magic {unknown}
 l - a potion of might {unknown}
 m - a potion of lignification {unknown}
Comestibles
 d - 3 rations
 k - a chunk of flesh


   Skills:
 - Level 2.4 Dodging
 - Level 2.4 Stealth
 - Level 4.4 Spellcasting
 * Level 3.6 Conjurations
   Level 1.1 Summonings
   Level 1.1 Translocations


You had 9 spell levels left.
You knew the following spells:

 Your Spells              Type           Power        Failure   Level  Hunger
a - Magic Dart            Conj           ###.         2%          1    None

Your spell library contained the following spells:

 Spells                   Type           Power        Failure   Level  Hunger
 Blink                    Tloc           N/A          10%         2    None
 Call Imp                 Summ           ##......     10%         2    None
 Conjure Flame            Conj/Fire      ##......     14%         3    ##.....
 Slow                     Hex            #.......     16%         2    None
 Mephitic Cloud           Conj/Pois/Air  ##......     19%         3    ##.....


Dungeon Overview and Level Annotations

Branches:
Dungeon (2/15)

Altars:
Vehumet

Annotations:
D:2 Sigmund


Message History

Moving in this stuff is going to be slow.
Sigmund shouts!
Sigmund points at you and mumbles some strange words.
You are confused.
You bump into the rock wall.
Sigmund gestures wildly while chanting.
Sigmund flickers and vanishes!
Deactivating autopickup; reactivate with Ctrl-A.
You bump into the rock wall.
You bump into the rock wall.
You're too confused!
Unknown command.
You're too confused!
You're too confused!
You feel less confused. Something hits you!
Ouch! That really hurt!
Something hits you!
Ouch! That really hurt!
You die...

#..##.# #. ##..###
#@ ##.## # #..# ##.#
.. #### #.... ###..#
#..... ####...#####
#.....
#..@.####..#.###....
#....# #...#..##....
#....###...##.#.....
#....#.....##.......
###.#...............
#.#########..#....
#.# #.......
#.#########.#.....
#.##.........8..8.


There were no monsters in sight!

Vanquished Creatures
  An ooze (D:2)
  A ball python (D:1)
  4 giant cockroaches
  4 goblins
  2 hobgoblins (D:1)
  6 jackals
  2 quokkas (D:2)
  5 bats
  2 kobolds
  5 rats
32 creatures vanquished.

Notes
Turn   | Place    | Note
-------+----------+-------------------------------------------
     0 | D:1      | Exodus22XD the Deep Elf Wizard began the quest for the Orb.
     0 | D:1      | Reached XP level 1. HP: 10/10 MP: 7/7
   335 | D:1      | Reached XP level 2. HP: 15/15 MP: 3/9
  1136 | D:2      | Noticed Sigmund
  1140 | D:2      | Reached XP level 3. HP: 19/19 MP: 7/10
  1336 | D:2      | Found a radiant altar of Vehumet.
  1341 | D:2      | Became a worshipper of Vehumet
  1558 | D:2      | Slain by Sigmund

Skill      XL: |  1  2 |
---------------+-------+-----
Conjurations   | 2 3 |  3.6
Dodging        | |  2.4
Stealth        | |  2.4
Spellcasting   | |  4.4
Summonings     | |  1.1
Translocations | |  1.1

Action                   || total
-------------------------++-------
Melee: Dagger            ||     5
 Cast: Magic Dart        ||    65
  Eat: Chunk             ||     2
Armor: Robe              ||     5
Dodge: Dodged            ||    12
